 Dungeon Crawl Stone Soup version 0.25-a0-435-g4b9beb1024 (webtiles) character file.

Game seed: 1031288434330088238, levelgen mode: deterministic

753 BeastOfSaturn the Covered (level 7, -1/58 HPs)
             Began as a Minotaur Skald on Jan 26, 2020.
             Slain by a howler monkey (2 damage)
             ... on level 5 of the Dungeon.
             The game lasted 00:13:24 (4277 turns).

BeastOfSaturn the Covered (Minotaur Skald)          Turns: 4277, Time: 00:13:24

Health: -1/58      AC:  7    Str: 15    XL:     7   Next: 49%
Magic:  9/9        EV: 10    Int: 12    God:
Gold:   275        SH:  0    Dex: 10    Spells: 7/10 levels left

rFire    . . .     SeeInvis .   q - +0 war axe
rCold    + . .     Gourm    .   (no shield)
rNeg     . . .     Faith    .   s - +0 scale mail {rC+}
rPois    .         Spirit   .   (helmet restricted)
rElec    .         Reflect  .   (no cloak)
rCorr    .         Harm     .   (no gloves)
MR       .....                  (no boots)
Stlth    ..........             (no amulet)
HPRegen  0.19/turn              (no ring)
MPRegen  0.11/turn              (no ring)

@: no status effects
A: retaliatory headbutt, horns 2
a: no special abilities


You were on level 5 of the Dungeon.
You were not hungry.

You visited 1 branch of the dungeon, and saw 5 of its levels.

You collected 275 gold pieces.

Inventory:

Hand Weapons
 a - a +0 hand axe
 q - a +0 war axe (weapon)
 v - a +0 dagger
Armour
 b - a +0 leather armour
 i - a +0 scale mail
 m - a +0 cloak
 s - a +0 scale mail of cold resistance (worn)
Jewellery
 l - an uncursed ring of ice
Wands
 j - a wand of iceblast (9)
 x - a wand of acid (11)
Scrolls
 c - 5 scrolls of teleportation
 g - 2 scrolls of identify
 k - 2 scrolls of remove curse {unknown}
 o - a scroll of enchant armour {unknown}
 p - 4 scrolls of immolation {unknown}
 r - 4 scrolls of magic mapping {unknown}
 u - a scroll of fear {unknown}
 w - 2 scrolls of blinking {unknown}
Potions
 e - a potion of haste {unknown}
 f - a potion of curing {unknown}
 h - a potion of agility {unknown}
 n - a potion of mutation {unknown}
 t - 2 potions of flight
 z - a potion of heal wounds {unknown}
Comestibles
 d - 4 rations


   Skills:
 + Level 3.7 Fighting
 + Level 6.1 Axes
 * Level 6.5 Armour
 + Level 3.0 Dodging
 + Level 2.0 Spellcasting
 + Level 2.3 Charms


You had 7 spell levels left.
You knew the following spells:

 Your Spells              Type           Power        Failure   Level  Hunger
a - Infusion              Chrm           #...         36%         1    ##.....
b - Song of Slaying       Chrm           #.......     50%         2    ###....

Your spell library contained the following spells:

 Spells                   Type           Power        Failure   Level  Hunger
 Shroud of Golubria       Chrm/Tloc      #.....       65%         2    ###....
 Ozocubu's Armour         Chrm/Ice       #.......     87%         3    ####...
 Spectral Weapon          Hex/Chrm       #.......     87%         3    ####...


Dungeon Overview and Level Annotations

Branches:
Dungeon (5/15)
 Temple: D:4-7

Altars:
Trog


Innate Abilities, Weirdness & Mutations

You reflexively headbutt those who attack you in melee.
You have a pair of horns on your head.


Message History

Your scale mail prevents you from hitting the hound.
The hound is lightly wounded.
The hound bites you.
* * * LOW HITPOINT WARNING * * *
The hound bites you but does no damage.
The phantom blinks!
The hound barely misses you.
You see here 10 gold pieces.
The hound bites you.
* * * LOW HITPOINT WARNING * * *
As you read the scroll of teleportation, it crumbles to dust.
You feel strangely unstable. The hound barely misses you.
The hound barely misses you. The hound bites you.
* * * LOW HITPOINT WARNING * * *
Your surroundings suddenly seem different.
The howler monkey hits you but does no damage.
A howler monkey comes into view.
You closely miss the howler monkey. The howler monkey hits you.
You die...

.# ..# #
..
###h<..
#.#.
.(.>ยง..
.#.
.......
..#
.......
#..##
###....
##...##
#
#.....#
#..@#
##h## #.
#. #. #.
.. #.


You could see a howler monkey.

Vanquished Creatures
  A wyvern (D:5)
  A phantom (D:5)
  2 howler monkeys
  A jelly (D:5)
  3 orc wizards
  A bullfrog skeleton (D:5)
  An iguana (D:4)
  5 worker ants
  5 adders
  2 dart slugs
  5 leopard geckos
  17 orcs
  3 bats
  3 giant cockroaches
  6 goblins
  7 hobgoblins
  8 jackals
  5 kobolds
  3 quokkas
  A ball python (D:2)
  10 frilled lizards
  2 rats (D:3)
92 creatures vanquished.

Notes
Turn   | Place    | Note
-------+----------+-------------------------------------------
     0 | D:1      | BeastOfSaturn the Minotaur Skald began the quest for the
                  | Orb.
     0 | D:1      | Reached XP level 1. HP: 18/18 MP: 1/1
   115 | D:1      | Reached XP level 2. HP: 23/25 MP: 1/3
   434 | D:1      | Reached XP level 3. HP: 24/30 MP: 4/4
   438 | D:1      | Learned a level 2 spell: Song of Slaying
  1680 | D:2      | Reached XP level 4. HP: 5/38 MP: 5/5
  2364 | D:3      | Reached XP level 5. HP: 28/45 MP: 6/6
  3365 | D:4      | Reached XP level 6. HP: 36/51 MP: 7/7
  3624 | D:4      | Found a bloodstained altar of Trog.
  3652 | D:4      | Reached skill level 5 in Axes
  4171 | D:5      | Entered Level 5 of the Dungeon
  4208 | D:5      | Reached skill level 5 in Armour
  4224 | D:5      | Reached XP level 7. HP: 35/57 MP: 5/8
  4248 | D:5      | Noticed a wyvern
  4254 | D:5      | Killed a wyvern
  4271 | D:5      | HP: 1/58 [hound (3)]
  4277 | D:5      | Slain by a howler monkey

Levels and vault maps discovered:
D:1:      minmay_arrival_solitary_statue, layout_rooms
D:2:      layout_loops_ring
D:3:      layout_rooms, st_stairs_5
D:4:      layout_basic, first_ration, trog_book
D:5:      layout_loops_cross, temple_fountains, columned_hall_lemuel

Skill      XL: |  1  2  3  4  5  6  7 |
---------------+----------------------+-----
Armour         | 2 3 4 6 |  6.5
Axes           | 3 4 5 6 |  6.1
Fighting       | 3 |  3.7
Dodging        | 3 |  3.0
Spellcasting   | 2 |  2.0
Charms         | |  2.3

Action                   |  1- 3 |  4- 6 |  7- 9 || total
-------------------------+-------+-------+-------++-------
Melee: Hand axe          |    76 |       |       ||    76
       Headbutt          |    12 |    20 |     1 ||    33
       War axe           |    21 |   168 |     9 ||   198
 Cast: Infusion          |     3 |       |       ||     3
       Song of Slaying   |     1 |     1 |     1 ||     3
  Use: Scroll            |       |     3 |     1 ||     4
  Eat: Ration            |     1 |     2 |       ||     3
       Chunk             |       |     2 |       ||     2
Armor: Leather armour    |    18 |       |       ||    18
       Scale mail        |    21 |    88 |     6 ||   115
Dodge: Dodged            |    70 |   117 |     6 ||   193

Table legend:
 A = Non-vault XP
 B = Vault XP
 C = Vault XP percentage of total XP
 D = Non-vault monster count
 E = Vault monster count
 F = Vault count percentage of total count
                 A         B        C        D         E       F
            +---------+---------+-------+---------+---------+-------
      Total |    1061 |      15 |   1.4 |      90 |       2 |   2.2
            +---------+---------+-------+---------+---------+-------
        D:1 |      46 |       0 |   0.0 |      23 |       0 |   0.0
        D:2 |     113 |       0 |   0.0 |      15 |       0 |   0.0
        D:3 |      73 |      15 |  17.0 |      25 |       2 |   7.4
        D:4 |     306 |       0 |   0.0 |      20 |       0 |   0.0
        D:5 |     523 |       0 |   0.0 |       7 |       0 |   0.0
            +---------+---------+-------+---------+---------+-------
